 Dungeon Crawl Stone Soup version 0.27.1-2-g3b301248ec (webtiles) character file.

Game seed: 17456869676168535585

1 vvl the Skirmisher (level 1, 0/18 HPs)
             Began as a Demonspawn Fighter on Sept 29, 2021.
             Slain by a goblin (1 damage)
             ... on level 1 of the Dungeon.
             The game lasted 00:00:38 (88 turns).

vvl the Skirmisher (Demonspawn Fighter)               Turns: 88, Time: 00:00:39

Health: 0/18       AC:  6    Str: 16    XL:     1   Next: 16%
Magic:  1/1        EV:  6    Int:  9    God:
Gold:   0          SH:  8    Dex: 12    Spells: 0/0 levels left

rFire    . . .     SeeInvis .   a - +0 long sword
rCold    . . .     Faith    .   c - +0 kite shield
rNeg     . . .     Spirit   .   b - +0 scale mail
rPois    .         Reflect  .   (no helmet)
rElec    .         Harm     .   (no cloak)
rCorr    .         Rampage  .   (no gloves)
Will     .....                  (no boots)
Stlth    ..........             (no amulet)
HPRegen  0.06/turn              (no ring)
MPRegen  0.07/turn              (no ring)

@: no status effects
A: no striking features
a: no special abilities


You were on level 1 of the Dungeon.
You visited 1 branch of the dungeon, and saw 1 of its levels.

Inventory:

Hand Weapons
 a - a +0 long sword (weapon)
Armour
 b - a +0 scale mail (worn)
 c - a +0 kite shield (worn)
Potions
 d - a potion of might


   Skills:
 + Level 3.0 Fighting
 * Level 1.8 Long Blades
 + Level 2.7 Armour
 + Level 2.7 Shields
 + Level 0.0 Spellcasting


You couldn't memorise any spells.
You didn't know any spells.
Your spell library was empty.

Dungeon Overview and Level Annotations

Branches:
Dungeon (1/15)

Altars:


Message History

You barely miss the quokka.
A quokka comes into view.
The quokka bites you but does no damage.
You slash the rat!
You kill the rat!
You block the bat's attack. The quokka bites you.
You block the quokka's attack. The rat bites you but does no damage.
You hit the rat but do no damage. The quokka completely misses you.
The quokka barely misses you. You block the rat's attack.
You barely miss the rat. You block the quokka's attack.
The rat bites you but does no damage.
The quokka bites you but does no damage.
The rat closely misses you.
You hit the rat.
You kill the rat!
The bat hits you but does no damage. x2; You block the quokka's attack.
The quokka barely misses you.
You riposte.
You barely miss the quokka. You closely miss the goblin.
You block the goblin's attack.
The quokka bites you but does no damage.
You block the goblin's attack. You block the quokka's attack.
You closely miss the goblin.
The quokka bites you but does no damage.
The goblin hits you but does no damage. You block the quokka's attack.
You closely miss the goblin. The goblin hits you with a +0 club.
The quokka bites you. The goblin hits you with a +0 club. The quokka bites you.
You are too injured to fight recklessly!
You are too injured to fight recklessly!
You are too injured to fight recklessly!
You are too injured to fight recklessly!
You completely miss the goblin. The goblin hits you but does no damage.
You block the goblin's attack.
You barely miss the goblin. The goblin hits you with a +0 club.
* * * LOW HITPOINT WARNING * * *
You closely miss the goblin. The goblin hits you but does no damage.
The goblin hits you with a +0 club.
* * * LOW HITPOINT WARNING * * *
You hit the goblin.
The goblin is heavily wounded.
The goblin hits you with a +0 club.
You die...

. .. ####### # #.
#.##### #.....#
..#.##.#...# #.###.#
.......#.#.# #.#...#
.......#.#.###.#.###
#?.....#.#.....#.#
#.....b#.#######.#
#....rrg@#.....#.#
#.....####.###.#.#
#.... #....(..# #...
#####.### ### ####.#
#....# #.####
####....# #.<####.##


You could see 2 quokkas, a goblin and a bat.

Vanquished Creatures
  2 rats (D:1)
2 creatures vanquished.

Notes
Turn   | Place    | Note
-------+----------+-------------------------------------------
     0 | D:1      | vvl the Demonspawn Fighter began the quest for the Orb.
     0 | D:1      | Reached XP level 1. HP: 18/18 MP: 1/1
    88 | D:1      | Slain by a goblin

Illustrated notes

Levels and vault maps discovered:
D:1:      lightli_arrival_lavapool, layout_basic,
          dreamdust_ecumenical_altar_angels_and_demons, minmay_heptomino_o4

Action                   || total
-------------------------++-------
Melee: Long sword        ||    12
Armor: Scale mail        ||    11
Dodge: Dodged            ||     4
Block: Kite shield       ||    11
       Rpst.: Long sword ||     1
